[Event "Titled Tuesday Blitz May 24 Late 2022"]
[White "Estrada Nieto, Julian"]
[Black "Clawitter, Craig"]
[WhiteFideId "5101018"]
[BlackFideId "2023105"]
[WhiteElo "2252"]
[BlackElo "2209"]
[Result "1/2-1/2"]
[Round "06"]
[TimeControl "180+1"]
[Date "2022.05.25"]
[WhiteClock "0:00:05"]
[BlackClock "0:00:11"]

1. e4 e6 2. d4 d5 3. Nd2 Be7 4. Bd3 c5 5. dxc5 Nf6 6. Qe2 O-O 7. Ngf3 a5 8. a4 Na6 9. exd5 exd5 10. Bxa6 Rxa6 11. Nb3 Ne4 12. Be3 Re8 13. Qb5 Rg6 14. O-O-O Bd7 15. Qxb7 Bxa4 16. Rxd5 Qc8 17. Qxc8 Rxc8 18. Re5 Re6 19. Rxe6 fxe6 20. Nfd4 Nxc5 21. Nxc5 Bxc5 22. c3 e5 23. Nf5 Bd7 24. Bxc5 Rxc5 25. Ne3 a4 26. Kc2 Be8 27. Nf5 Bg6 28. g4 e4 29. Re1 Bxf5 30. gxf5 Rxf5 31. Re2 g5 32. c4 h6 33. Kc3 Kf7 34. Kd4 Rf4 35. Kd5 Ke7 36. c5 Kd7 37. c6+ Kc7 38. Rc2 Rh4 39. Ke5 Rxh2 40. Kxe4 g4 41. Kf4 h5 42. Kg3 Rh3+ 43. Kf4 Rb3 44. Kg5 Rb5+ 45. Kh4 Rb6 46. Kxh5 Rxc6 47. Rxc6+ Kxc6 48. Kxg4 Kd5 49. Kf5 Kc4 50. Ke6 Kb3 51. f4 Kxb2 52. f5 a3 53. f6 a2 54. f7 a1=Q 55. f8=Q Qa3 56. Qb8+ Qb3+ 57. Qxb3+ Kxb3 1/2-1/2


[Site "https://www.chess.com"]

[Event "Titled Tuesday Blitz May 24 Late 2022"]
[White "Ezat, Mohamed"]
[Black "Pershin, Denis"]
[WhiteFideId "10600906"]
[BlackFideId "24165506"]
[WhiteElo "2386"]
[BlackElo "2275"]
[Result "0-1"]
[Round "06"]
[TimeControl "180+1"]
[Date "2022.05.24"]
[WhiteClock "0:00:04"]
[BlackClock "0:00:08"]

1. d4 Nf6 2. c4 e6 3. Nc3 c5 4. d5 exd5 5. cxd5 d6 6. e4 g6 7. f4 Bg7 8. Bb5+ Nfd7 9. Be2 O-O 10. Nf3 Re8 11. O-O a6 12. a4 Nf6 13. e5 dxe5 14. fxe5 Ng4 15. e6 fxe6 16. Bc4 h6 17. h3 Nf6 18. Ne5 exd5 19. Nxd5 Nxd5 20. Bxd5+ Kh7 21. Nf7 Qd7 22. Bf4 Bd4+ 23. Qxd4 cxd4 24. Nd6 Re7 25. Bg3 Nc6 26. Rf8 Ne5 27. Bxe5 Rxe5 28. Rf7+ Qxf7 29. Bxf7 Bd7 30. Bc4 Bc6 31. Bd3 Re6 32. Nc4 Rf8 33. Na5 Kg7 34. Rc1 Rc8 35. b4 Bd7 36. Rd1 Rc3 37. b5 axb5 38. axb5 b6 39. Nb7 Bxb5 40. Nd8 Rd6 41. Bxb5 Rxd8 42. Re1 d3 43. Re7+ Kf6 44. Rc7 Rxc7 0-1


[Site "https://www.chess.com"]

[Event "Titled Tuesday Blitz May 24 Late 2022"]
[White "Gatterer, Florian"]
[Black "Gomez Dieguez, David"]
[WhiteFideId "811688"]
[BlackFideId "22223630"]
[WhiteElo "2218"]
[BlackElo "2115"]
[Result "1-0"]
[Round "06"]
[TimeControl "180+1"]
[Date "2022.05.25"]
[WhiteClock "0:00:57"]
[BlackClock "0:00:19"]

1. f4 d5 2. Nf3 Nf6 3. g3 g6 4. Bg2 Bg7 5. O-O O-O 6. d3 c5 7. Ne5 Qc7 8. e4 dxe4 9. dxe4 Rd8 10. Qe1 Nc6 11. Nxc6 bxc6 12. Nc3 Ba6 13. Rf2 Ng4 14. e5 Nxf2 15. Qxf2 Qa5 16. Be3 Rab8 17. Rb1 e6 18. h4 Bf8 19. a3 Bc4 20. Ne4 Bd5 21. Nf6+ Kh8 22. h5 Kg7 23. hxg6 hxg6 24. Bxd5 cxd5 25. Qh2 Bd6 26. Qh7+ Kf8 27. exd6 d4 28. Qg8# 1-0


[Site "https://www.chess.com"]

[Event "Titled Tuesday Blitz May 24 Late 2022"]
[White "Gong, Patrick"]
[Black "Demchenko, Anton"]
[WhiteFideId "3222500"]
[BlackFideId "4160258"]
[WhiteElo "2103"]
[BlackElo "2539"]
[Result "1-0"]
[Round "06"]
[TimeControl "180+1"]
[Date "2022.05.24"]
[WhiteClock "0:00:11"]
[BlackClock "0:00:03"]

1. e4 e5 2. d4 exd4 3. Nf3 Nc6 4. Nxd4 Bc5 5. Nb3 Bb6 6. Qe2 a5 7. a4 d6 8. Nc3 Nb4 9. g3 Nf6 10. Bg2 Bg4 11. f3 Be6 12. Bg5 h6 13. Bf4 g5 14. Bc1 Qe7 15. Nb5 O-O-O 16. N3d4 Bd7 17. c3 Nc6 18. Nxc6 Bxc6 19. Be3 d5 20. Bxb6 cxb6 21. O-O dxe4 22. fxe4 Nd7 23. Qg4 Kb8 24. Nd4 Ne5 25. Qf5 h5 26. Qf6 Qxf6 27. Rxf6 h4 28. Rf5 Rde8 29. b3 hxg3 30. hxg3 g4 31. Raf1 Rh6 32. R1f4 Rd6 33. Rf6 Red8 34. Rxd6 Rxd6 35. Rf5 f6 36. Rh5 Bd7 37. Rh8+ Kc7 38. Kf2 Nf7 39. Rf8 Ng5 40. Ke3 1-0


[Site "https://www.chess.com"]

[Event "Titled Tuesday Blitz May 24 Late 2022"]
[White "Gurevich, Dmitry"]
[Black "Pranav, V"]
[WhiteFideId "2000407"]
[BlackFideId "25060783"]
[WhiteElo "2506"]
[BlackElo "2349"]
[Result "0-1"]
[Round "06"]
[TimeControl "180+1"]
[Date "2022.05.24"]
[WhiteClock "0:00:08"]
[BlackClock "0:01:38"]

1. d4 Nf6 2. c4 g6 3. Nc3 d6 4. e4 Nbd7 5. Nf3 e5 6. Be2 Bg7 7. O-O exd4 8. Nxd4 O-O 9. Be3 Re8 10. f3 c6 11. Nb3 Ne5 12. Rc1 Be6 13. c5 d5 14. exd5 Nxd5 15. Nxd5 Bxd5 16. Bf2 a5 17. Rc2 a4 18. Nc1 Qe7 19. b3 axb3 20. axb3 Rad8 21. Rd2 Bh6 22. Rd4 Nd7 23. Bc4 Bxc4 24. Rxc4 Nxc5 25. Qc2 Rd2 26. Bxc5 Qg5 27. Qxd2 Qxd2 28. Bf2 Be3 0-1


[Site "https://www.chess.com"]

[Event "Titled Tuesday Blitz May 24 Late 2022"]
[White "Haas, Michael"]
[Black "Marin Ramirez, Gerardo"]
[WhiteFideId "1629514"]
[BlackFideId "3901068"]
[WhiteElo "1982"]
[BlackElo "1920"]
[Result "1-0"]
[Round "06"]
[TimeControl "180+1"]
[Date "2022.05.25"]
[WhiteClock "0:00:16"]
[BlackClock "0:00:01"]

1. d4 d5 2. c4 c6 3. Nf3 Nf6 4. g3 Bf5 5. Nc3 e6 6. Bg2 Nbd7 7. O-O Be7 8. Nh4 Bg4 9. h3 Bh5 10. Qb3 Qb6 11. c5 Qc7 12. Bf4 Qc8 13. Nf3 O-O 14. Ne5 Nxe5 15. Bxe5 Nd7 16. Bf4 e5 17. dxe5 d4 18. Ne4 Bxe2 19. Rfe1 d3 20. Nd6 Bxd6 21. cxd6 Re8 22. Qc3 g5 23. Bxg5 Rxe5 24. Bh6 f6 25. Qc4+ Kh8 26. Qf7 Rg5 27. Bxg5 fxg5 28. Be4 Nf8 29. Qf6+ Kg8 30. Qxg5+ Kh8 31. Qf6+ Kg8 32. Bxd3 Qxh3 33. Bxe2 1-0


[Site "https://www.chess.com"]

[Event "Titled Tuesday Blitz May 24 Late 2022"]
[White "Halak, Miklos"]
[Black "Gross, Nicholas"]
[WhiteFideId "726400"]
[BlackFideId "30921961"]
[WhiteElo "2197"]
[BlackElo "1958"]
[Result "1-0"]
[Round "06"]
[TimeControl "180+1"]
[Date "2022.05.25"]
[WhiteClock "0:00:47"]
[BlackClock "0:00:01"]

1. e4 c6 2. d4 d5 3. Nd2 dxe4 4. Nxe4 Bf5 5. Ng3 Bg6 6. h4 h6 7. Nf3 e6 8. Ne5 Bh7 9. Bc4 Nf6 10. c3 Nbd7 11. Qe2 Nxe5 12. dxe5 Nd5 13. h5 Be7 14. Bd2 b5 15. Bb3 Nb6 16. Qf3 Rc8 17. Rd1 Nd5 18. Qg4 Kf8 19. O-O Bh4 20. Ne4 Bxe4 21. Qxe4 a5 22. a4 Rg8 23. Bc1 Be7 24. Rd3 Bc5 25. Rfd1 Qd7 26. axb5 cxb5 27. Bxd5 exd5 28. Rxd5 Qe7 29. e6 fxe6 30. Rd7 Qf6 31. Be3 Bxe3 32. fxe3 Ke8 33. Qb7 1-0


[Site "https://www.chess.com"]

[Event "Titled Tuesday Blitz May 24 Late 2022"]
[White "Halkias, Stelios"]
[Black "Szente Varga, Fruzsina"]
[WhiteFideId "4201809"]
[BlackFideId "712264"]
[WhiteElo "2627"]
[BlackElo "2338"]
[Result "0-1"]
[Round "06"]
[TimeControl "180+1"]
[Date "2022.05.25"]
[WhiteClock "0:00:26"]
[BlackClock "0:00:24"]

1. Nf3 Nf6 2. c4 c6 3. d4 d5 4. Nc3 g6 5. cxd5 cxd5 6. Bf4 Bg7 7. e3 O-O 8. Bd3 Nc6 9. O-O Bg4 10. h3 Bxf3 11. Qxf3 Rc8 12. Rac1 Nb4 13. Bb1 e6 14. a3 Nc6 15. Na4 b6 16. b4 Qd7 17. Nc3 Nh5 18. Bh2 a6 19. Bd3 b5 20. Nb1 e5 21. dxe5 Nxe5 22. Bxe5 Bxe5 23. Qe2 Rfe8 24. Nd2 d4 25. e4 Nf4 26. Qf3 Rc3 27. Rxc3 dxc3 28. Bc2 Qxd2 29. Bb3 Qe2 30. Qg3 Qxe4 31. Kh1 Qd3 32. Re1 Qxg3 33. fxg3 Nd3 34. Re3 Nb2 35. Rf3 Re7 36. Rf2 Kg7 37. Kh2 Bd4 38. Rf4 Bf6 39. g4 Re2 0-1


[Site "https://www.chess.com"]

[Event "Titled Tuesday Blitz May 24 Late 2022"]
[White "Hansen, Eric"]
[Black "Karttunen, Mika"]
[WhiteFideId "2606771"]
[BlackFideId "502081"]
[WhiteElo "2568"]
[BlackElo "2343"]
[Result "1-0"]
[Round "06"]
[TimeControl "180+1"]
[Date "2022.05.24"]
[WhiteClock "0:00:01"]
[BlackClock "0:00:01"]

1. d4 Nf6 2. c4 g6 3. Nc3 d5 4. Bg5 Ne4 5. Bf4 Nxc3 6. bxc3 dxc4 7. e3 Be6 8. Nf3 a6 9. Ng5 Bd5 10. e4 h6 11. exd5 hxg5 12. Be5 f6 13. Qb1 Qxd5 14. Qxg6+ Kd8 15. Bg3 Nd7 16. Be2 Qxg2 17. Kd2 Qd5 18. Bg4 Nc5 19. Rhe1 Nd3 20. Be6 Qc6 21. d5 Qc5 22. Rab1 b5 23. Qe4 Nxf2 24. Qf3 Nd3 25. d6 c6 26. Bg4 Ra7 27. Re6 1-0


[Site "https://www.chess.com"]

[Event "Titled Tuesday Blitz May 24 Late 2022"]
[White "Holt, Conrad"]
[Black "Domingo Nunez, Ruben"]
[WhiteFideId "2034387"]
[BlackFideId "22245570"]
[WhiteElo "2586"]
[BlackElo "2376"]
[Result "1-0"]
[Round "06"]
[TimeControl "180+1"]
[Date "2022.05.24"]
[WhiteClock "0:01:09"]
[BlackClock "0:00:20"]

1. d4 d6 2. Nf3 Nf6 3. c4 Nbd7 4. Nc3 e5 5. e4 Be7 6. Bd3 c6 7. O-O Qc7 8. Re1 O-O 9. Bg5 Re8 10. Rb1 h6 11. Bh4 exd4 12. Nxd4 Ne5 13. Bf1 Ng6 14. Bg3 Bg4 15. Be2 Bd7 16. Qd2 Bf8 17. f3 Nh5 18. Bf2 Nhf4 19. Bf1 Rad8 20. Nf5 Bc8 21. Rbd1 a6 22. Na4 c5 23. Nc3 Ne6 24. Nd5 Qc6 25. Qc3 Nc7 26. Nxh6+ Kh7 27. Nxf7 Rd7 28. Ng5+ Kg8 29. f4 b5 30. Qh3 1-0


[Site "https://www.chess.com"]

[Event "Titled Tuesday Blitz May 24 Late 2022"]
[White "Huber, Benedikt"]
[Black "Motylev, Alexander"]
[WhiteFideId "12923583"]
[BlackFideId "4121830"]
[WhiteElo "1979"]
[BlackElo "2470"]
[Result "0-1"]
[Round "06"]
[TimeControl "180+1"]
[Date "2022.05.25"]
[WhiteClock "0:00:04"]
[BlackClock "0:00:06"]

1. d4 e6 2. c4 d5 3. Nc3 Bb4 4. cxd5 exd5 5. Bf4 Nf6 6. e3 O-O 7. Bd3 c5 8. Ne2 c4 9. Bc2 Nc6 10. O-O Re8 11. a3 Bf8 12. Bg5 Be6 13. f3 h6 14. Bh4 g5 15. Bf2 Bg7 16. e4 dxe4 17. fxe4 Bg4 18. e5 Nd5 19. h3 Bh5 20. g4 Bg6 21. Bxg6 fxg6 22. Qc2 Nce7 23. Rad1 Rc8 24. Ne4 Rf8 25. Nd6 Rc6 26. Qe4 Qd7 27. Bg3 Rd8 28. Nc3 Qe6 29. Rf2 Nxc3 30. bxc3 Rcxd6 31. Rdf1 Nd5 32. Rf7 R6d7 33. R7f3 Kh7 34. h4 gxh4 35. Bxh4 Re8 36. Bg5 hxg5 37. Rh3+ Kg8 38. Kg2 Rf7 0-1


[Site "https://www.chess.com"]

[Event "Titled Tuesday Blitz May 24 Late 2022"]
[White "Isajevsky, Anton"]
[Black "Shimanov, Aleksandr"]
[WhiteFideId "4142500"]
[BlackFideId "4198603"]
[WhiteElo "2510"]
[BlackElo "2605"]
[Result "0-1"]
[Round "06"]
[TimeControl "180+1"]
[Date "2022.05.24"]
[WhiteClock "0:00:01"]
[BlackClock "0:00:42"]

1. c4 g6 2. Nc3 Bg7 3. g3 e6 4. Bg2 Ne7 5. Nf3 d5 6. d4 O-O 7. O-O Nbc6 8. cxd5 exd5 9. b3 Bf5 10. Ba3 Re8 11. e3 Qd7 12. Rc1 h5 13. Re1 Rac8 14. Na4 b6 15. Nb2 Be4 16. Nd3 Qf5 17. Nf4 Bf6 18. Bh3 Bxf3 19. Qxf3 Qe4 20. Qxe4 dxe4 21. Bxc8 Rxc8 22. d5 Ne5 23. Kg2 Nf5 24. Rc2 Bd8 25. Rec1 g5 26. Nxh5 Nd3 27. Rd1 Kh7 28. f3 Nxe3+ 29. Kh3 Nxd1 30. fxe4 g4+ 31. Kxg4 Ne3+ 0-1


[Site "https://www.chess.com"]

[Event "Titled Tuesday Blitz May 24 Late 2022"]
[White "Janturin, Artur"]
[Black "Carrasco Miranda, Andres"]
[WhiteFideId "4130022"]
[BlackFideId "3405990"]
[WhiteElo "2410"]
[BlackElo "2177"]
[Result "1-0"]
[Round "06"]
[TimeControl "180+1"]
[Date "2022.05.25"]
[WhiteClock "0:01:06"]
[BlackClock "0:02:04"]

1. b3 e5 2. Bb2 Nc6 3. e3 Nge7 4. Nf3 Ng6 5. d4 exd4 6. Nxd4 Bb4+ 7. c3 Be7 8. c4 O-O 9. Nxc6 dxc6 10. Be2 Bb4+ 11. Bc3 a5 12. O-O Bxc3 13. Nxc3 Bf5 14. Qxd8 Rfxd8 15. Rfd1 Ne5 16. e4 Bg4 17. f3 Be6 18. f4 1-0


[Site "https://www.chess.com"]

[Event "Titled Tuesday Blitz May 24 Late 2022"]
[White "Jarocka, Liwia"]
[Black "Petrova, Irina"]
[WhiteFideId "21807558"]
[BlackFideId "14124122"]
[WhiteElo "1887"]
[BlackElo "1993"]
[Result "1-0"]
[Round "06"]
[TimeControl "180+1"]
[Date "2022.05.25"]
[WhiteClock "0:00:29"]
[BlackClock "0:00:01"]

1. Nf3 d6 2. d4 g6 3. g3 Bg7 4. Bg2 Nf6 5. O-O O-O 6. c4 Nc6 7. Nc3 Bf5 8. d5 Na5 9. Nd2 c5 10. e4 Bd7 11. Re1 a6 12. a3 b5 13. b4 cxb4 14. axb4 Nxc4 15. Nxc4 bxc4 16. Bd2 Ng4 17. Qe2 Ne5 18. Reb1 Bb5 19. h3 Nd3 20. Kh2 Bd4 21. f4 Rb8 22. Ra5 Bg7 23. Ra3 e6 24. h4 exd5 25. Nxd5 Re8 26. Qf3 Bc6 27. Rxa6 Bxd5 28. exd5 Qc7 29. Rc6 Qa7 30. Rxc4 Nb2 31. Re4 Qa2 32. Rbe1 Rxe4 33. Rxe4 Nc4 34. Bc3 Bxc3 35. Qxc3 Nd2 36. Re2 Nb1 37. Rxa2 Nxc3 38. Rb2 Nb5 39. Bf1 Nc7 40. Bc4 Kf8 41. b5 Na8 42. Kg2 Nb6 43. Ba2 Ke7 44. Kf3 Kd7 45. f5 Ra8 46. fxg6 fxg6 47. Kg4 Ra3 48. Kh3 1-0


[Site "https://www.chess.com"]

[Event "Titled Tuesday Blitz May 24 Late 2022"]
[White "Jeet, Jain"]
[Black "Mikhalsky, Vladimir"]
[WhiteFideId "5073022"]
[BlackFideId "14144352"]
[WhiteElo "2028"]
[BlackElo "2301"]
[Result "1-0"]
[Round "06"]
[TimeControl "180+1"]
[Date "2022.05.25"]
[WhiteClock "0:01:09"]
[BlackClock "0:00:38"]

1. Nf3 c5 2. e3 Nc6 3. b3 f6 4. d4 d5 5. Bb2 Bg4 6. Be2 Qd7 7. h3 Bf5 8. O-O e6 9. c4 cxd4 10. Nxd4 Nxd4 11. Qxd4 dxc4 12. Qxc4 Rc8 13. Qh4 Bd6 14. Rd1 Bc2 15. Rd4 e5 16. Bg4 f5 17. Bh5+ g6 18. Bxg6+ hxg6 19. Qxh8 exd4 20. Qxg8+ Ke7 21. Qg7+ Kd8 22. Qxd7+ Kxd7 23. Bxd4 Bb4 24. a3 Bxb3 25. axb4 Rc1+ 26. Kh2 Bc2 27. Nd2 Rxa1 28. Bxa1 b6 29. Bc3 Bd3 30. Nf3 1-0


[Site "https://www.chess.com"]

[Event "Titled Tuesday Blitz May 24 Late 2022"]
[White "Joubert, Dantelle"]
[Black "Romero Ruscalleda, Josep"]
[WhiteFideId "14310813"]
[BlackFideId "2231859"]
[WhiteElo "1507"]
[BlackElo "2316"]
[Result "1-0"]
[Round "06"]
[TimeControl "180+1"]
[Date "2022.05.25"]
[WhiteClock "0:00:22"]
[BlackClock "0:00:18"]

1. Nf3 g6 2. e4 Bg7 3. d4 d6 4. Nc3 a6 5. Be3 b5 6. a3 Bb7 7. Bd3 Nd7 8. Qd2 Rc8 9. O-O c5 10. Rfe1 Ngf6 11. e5 dxe5 12. dxe5 Ng4 13. e6 fxe6 14. Be4 Bxe4 15. Nxe4 O-O 16. Neg5 Nxe3 17. Qxe3 Qb6 18. Nxe6 Rf5 19. Nxg7 Kxg7 20. Qxe7+ Rf7 21. Qe6 Rcf8 22. Ng5 Rxf2 23. Qxd7+ Kh6 24. h4 c4 25. Qxh7# 1-0


[Site "https://www.chess.com"]

[Event "Titled Tuesday Blitz May 24 Late 2022"]
[White "Kamsky, Gata"]
[Black "Djokic, Mihailo"]
[WhiteFideId "2000024"]
[BlackFideId "976440"]
[WhiteElo "2645"]
[BlackElo "2202"]
[Result "1-0"]
[Round "06"]
[TimeControl "180+1"]
[Date "2022.05.24"]
[WhiteClock "0:00:38"]
[BlackClock "0:00:01"]

1. d4 Nf6 2. Nf3 g6 3. Bg5 Bg7 4. c3 O-O 5. Nbd2 d6 6. e4 c5 7. dxc5 dxc5 8. Bc4 Nc6 9. O-O a6 10. a4 Rb8 11. Qe2 Qc7 12. h3 Na5 13. Bd3 Be6 14. Qe3 Rfd8 15. Bf4 Qc6 16. Bxb8 Rxb8 17. b4 Nb3 18. Nxb3 Bxb3 19. Qxc5 Bxa4 20. Qxc6 Bxc6 21. Rfe1 Rd8 22. Nd4 Be8 23. Bf1 Rc8 24. Ra3 Nd7 25. b5 a5 26. Rxa5 Rxc3 27. Ra8 Bxd4 28. Rxe8+ Kg7 29. Rd8 Rc7 30. Rd1 e5 31. Bd3 Nb6 32. g3 Na4 33. Kg2 Nb2 34. Rd2 Na4 35. Rc2 Re7 36. Rcc8 h5 37. Bc4 Kf6 38. Bd5 Nc5 39. Rd6+ Kg7 40. b6 Nd3 41. Rc7 Re8 42. Rxf7+ Kh6 43. Rff6 Rg8 44. Bxg8 1-0


[Site "https://www.chess.com"]

[Event "Titled Tuesday Blitz May 24 Late 2022"]
[White "Keller, Peter"]
[Black "Golubev, Mikhail"]
[WhiteFideId "1272105"]
[BlackFideId "14100983"]
[WhiteElo "2275"]
[BlackElo "2374"]
[Result "1-0"]
[Round "06"]
[TimeControl "180+1"]
[Date "2022.05.25"]
[WhiteClock "0:00:13"]
[BlackClock "0:00:01"]

1. e4 c5 2. c3 d5 3. exd5 Qxd5 4. d4 g6 5. Nf3 Bg7 6. Na3 Nf6 7. Bc4 Qe4+ 8. Be3 O-O 9. O-O cxd4 10. Nxd4 Ng4 11. Bg5 Qe5 12. Nf3 Qc7 13. Qe2 Nc6 14. Nb5 Qb6 15. Bxe7 Nxe7 16. Qxe7 a6 17. Nd6 Bf6 18. Nxc8 Raxc8 19. Qe4 Nh6 20. Bb3 Nf5 21. Rfe1 Kg7 22. Rad1 Qc7 23. g3 h5 24. h4 Rfe8 25. Qxe8 Rxe8 26. Rxe8 Nxg3 27. Kg2 Nf5 28. Rde1 Qf4 29. R8e4 Qd6 30. Rd1 Qc7 31. Rc4 Qb8 32. Rd7 b5 33. Rcc7 1-0


[Site "https://www.chess.com"]

[Event "Titled Tuesday Blitz May 24 Late 2022"]
[White "Keymer, Vincent"]
[Black "Livaic, Leon"]
[WhiteFideId "12940690"]
[BlackFideId "14531534"]
[WhiteElo "2548"]
[BlackElo "2540"]
[Result "1-0"]
[Round "06"]
[TimeControl "180+1"]
[Date "2022.05.24"]
[WhiteClock "0:00:05"]
[BlackClock "0:00:03"]

1. Nf3 Nf6 2. c4 b6 3. d4 Bb7 4. g3 e6 5. Bg2 Bb4+ 6. Bd2 a5 7. O-O O-O 8. Bf4 Be7 9. Nc3 Ne4 10. Qd3 Nxc3 11. bxc3 d6 12. e4 Nd7 13. Nd2 Bg5 14. Bxg5 Qxg5 15. f4 Qe7 16. Nf3 e5 17. Rae1 Rae8 18. Nh4 g6 19. f5 Nf6 20. d5 Nd7 21. Rf2 Kg7 22. Qe3 f6 23. fxg6 hxg6 24. Qe2 Nc5 25. Qg4 Qf7 26. Nf5+ Kh8 27. Ref1 Bc8 28. Qh4+ Qh7 29. Nh6 Nd7 30. Bh3 f5 31. exf5 g5 32. Qxg5 Nf6 33. Qh4 e4 34. Rf4 e3 35. Re1 e2 36. Qg5 Ne4 37. Qh4 Nxc3 38. f6 Bxh3 39. Qxh3 Re5 40. Rh4 Qg6 41. Ng4+ Kg8 42. Nxe5 dxe5 43. Rh8+ Kf7 44. Qe6# 1-0


[Site "https://www.chess.com"]

[Event "Titled Tuesday Blitz May 24 Late 2022"]
[White "Kobalia, Mikhail"]
[Black "Yaksin, Oleg"]
[WhiteFideId "4119150"]
[BlackFideId "24105880"]
[WhiteElo "2667"]
[BlackElo "2256"]
[Result "1-0"]
[Round "06"]
[TimeControl "180+1"]
[Date "2022.05.24"]
[WhiteClock "0:00:22"]
[BlackClock "0:00:03"]

1. e4 c5 2. Nf3 d6 3. d4 cxd4 4. Nxd4 Nf6 5. Nc3 Nc6 6. Bg5 e6 7. Qd2 Be7 8. O-O-O Qb6 9. Nxc6 bxc6 10. Bc4 O-O 11. Bb3 e5 12. f4 exf4 13. Qxf4 Qa5 14. Qd2 Be6 15. Kb1 Qc7 16. Rhf1 a5 17. Bxf6 Bxf6 18. Rxf6 gxf6 19. Qh6 Qe7 20. Rd3 Kh8 21. Ne2 Rg8 22. Nf4 a4 23. Bxe6 fxe6 24. Rh3 Qf7 25. a3 Rg4 26. Nh5 Rg6 27. Qd2 d5 28. Re3 Rg5 29. Nf4 Re5 30. Qd4 Qa7 31. Qd3 Qc5 32. Re1 Rb8 33. Qh3 Rg8 34. Nxe6 Qe7 35. Nd4 Rxe4 36. Rxe4 Qxe4 37. Nxc6 1-0


[Site "https://www.chess.com"]

[Event "Titled Tuesday Blitz May 24 Late 2022"]
[White "Korchmar, Vasiliy"]
[Black "Bernal Moro, Luis Javier"]
[WhiteFideId "24131750"]
[BlackFideId "2200236"]
[WhiteElo "2370"]
[BlackElo "2373"]
[Result "1-0"]
[Round "06"]
[TimeControl "180+1"]
[Date "2022.05.25"]
[WhiteClock "0:00:43"]
[BlackClock "0:00:03"]

1. e4 c5 2. Nf3 e6 3. g3 Nc6 4. Bg2 Nf6 5. Qe2 e5 6. O-O Be7 7. Nc3 O-O 8. Nd5 Nxd5 9. exd5 Nd4 10. Nxd4 exd4 11. f4 d6 12. f5 Bf6 13. c3 Re8 14. Qf3 Re5 15. g4 Bg5 16. d3 Bd7 17. f6 Qxf6 18. Qxf6 gxf6 19. cxd4 cxd4 20. h3 Kg7 21. Be4 h5 22. gxh5 Rh8 23. Bxg5 Rxg5+ 24. Kf2 Rhxh5 25. Rh1 Rxh3 26. Rxh3 Bxh3 27. Rc1 f5 28. Bf3 f4 29. Rc7 b5 30. Rxa7 Bf5 31. Ra3 Rg3 32. Rb3 Rh3 33. Kg2 Rg3+ 34. Kf2 Rh3 35. Rxb5 Bxd3 36. Rb4 Rh2+ 37. Kg1 Rh3 38. Kg2 Rg3+ 39. Kf2 Bb1 40. Rxd4 Bxa2 41. Rxf4 Rg5 42. Rd4 Kf6 43. b4 Bb1 44. b5 Ke5 45. Rb4 Bf5 46. b6 Rg8 47. b7 Rb8 48. Ke3 Kf6 49. Kd4 Ke7 50. Be2 Kd7 51. Bb5+ Kc7 52. Bc6 Bd7 53. Rc4 f5 54. Ke3 Re8+ 55. Kf4 Rf8 56. Bxd7+ Kxd7 57. Rc8 Rxc8 58. bxc8=Q+ Kxc8 59. Kxf5 Kd7 60. Kf6 Kc7 1-0


[Site "https://www.chess.com"]

[Event "Titled Tuesday Blitz May 24 Late 2022"]
[White "Kosteniuk, Alexandra"]
[Black "Toncheva, Nadya"]
[WhiteFideId "4128125"]
[BlackFideId "2924056"]
[WhiteElo "2639"]
[BlackElo "2458"]
[Result "0-1"]
[Round "06"]
[TimeControl "180+1"]
[Date "2022.05.25"]
[WhiteClock "0:00:29"]
[BlackClock "0:00:32"]

1. e4 Nf6 2. e5 Nd5 3. d4 b5 4. Bxb5 c5 5. c4 cxd4 6. cxd5 Qa5+ 7. Qd2 Qxb5 8. Qxd4 Ba6 9. Qe4 Qf1+ 10. Kd2 Qxf2+ 11. Ne2 Bxe2 12. Qxe2 Qd4+ 13. Ke1 Qxd5 14. Nc3 Qb7 15. Rf1 e6 16. Qf2 d6 17. exd6 Bxd6 18. Qd4 Qc7 19. Qxg7 Be5 20. Bf4 Qxc3+ 21. bxc3 Bxg7 22. Kd2 Nd7 23. Rab1 Nb6 24. Rb3 O-O 25. Kc2 Rac8 26. Rf3 Nd5 27. Bd2 Rc7 28. h4 Rfc8 29. h5 Kf8 30. h6 Bxc3 31. Bxc3 Rxc3+ 32. Rbxc3 Rxc3+ 33. Rxc3 Nxc3 34. Kxc3 Ke7 0-1


[Site "https://www.chess.com"]

[Event "Titled Tuesday Blitz May 24 Late 2022"]
[White "Kostiukov, Alexandr"]
[Black "Yang, Kaiqi"]
[WhiteFideId "14108100"]
[BlackFideId "8604398"]
[WhiteElo "2401"]
[BlackElo "2643"]
[Result "0-1"]
[Round "06"]
[TimeControl "180+1"]
[Date "2022.05.25"]
[WhiteClock "0:00:13"]
[BlackClock "0:00:23"]

1. g3 g6 2. Bg2 Bg7 3. Nf3 Nf6 4. c4 O-O 5. O-O d6 6. d4 Nbd7 7. Nc3 e5 8. h3 c6 9. e4 Qb6 10. c5 dxc5 11. dxe5 Ne8 12. e6 fxe6 13. Ng5 Ne5 14. f4 c4+ 15. Kh1 Nd3 16. Qe2 Nf6 17. e5 Nd5 18. Na4 Qa6 19. Nc3 b5 20. Nce4 h6 21. Nf3 Qb6 22. a4 Bb7 23. a5 Qc7 24. b3 Ba6 25. Nd6 Rad8 26. Nd4 Rxd6 27. exd6 Qxd6 28. Ba3 b4 29. bxc4 Bxc4 30. Qc2 Ba6 31. Bb2 Nxb2 32. Qxb2 Bxf1 33. Rxf1 Ne3 34. Re1 Qxd4 35. Qb3 Nxg2 36. Qxe6+ Kh7 37. Kxg2 Qd2+ 38. Re2 Qd5+ 39. Qxd5 cxd5 40. Re7 Rb8 41. Rd7 b3 42. Rxd5 b2 43. Rd1 b1=Q 0-1


[Site "https://www.chess.com"]

[Event "Titled Tuesday Blitz May 24 Late 2022"]
[White "Koutlas, Nikolaos"]
[Black "Olafsson, Helgi"]
[WhiteFideId "25827138"]
[BlackFideId "2300010"]
[WhiteElo "2525"]
[BlackElo "2682"]
[Result "1-0"]
[Round "06"]
[TimeControl "180+1"]
[Date "2022.05.25"]
[WhiteClock "0:00:06"]
[BlackClock "0:00:02"]

1. e4 c6 2. Nf3 d5 3. exd5 cxd5 4. d4 Nc6 5. Bd3 Bg4 6. c3 e6 7. h3 Bh5 8. O-O Bd6 9. Re1 Nge7 10. Nbd2 Bg6 11. Nf1 O-O 12. Ne5 Nxe5 13. dxe5 Bc5 14. Be3 Bxe3 15. Nxe3 Qb6 16. Rb1 d4 17. cxd4 Rfd8 18. Nc4 Qa6 19. Bxg6 Qxc4 20. Be4 Rxd4 21. Qf3 Qxa2 22. Ra1 Qxb2 23. Reb1 Qd2 24. Rxb7 Re8 25. Bc6 Rf4 26. Qe3 Qxe3 27. fxe3 Nxc6 28. exf4 g5 29. Rc7 Nb4 30. Raxa7 Rf8 31. fxg5 Kg7 32. h4 Kg6 33. g4 Nd3 34. Ra5 Rb8 35. Kg2 Rb4 36. Kf3 Rb3 37. h5+ Kxg5 38. Rxf7 Kh4 39. Ke4 Kxg4 40. Rxh7 Nf2+ 41. Kd4 Rd3+ 42. Kc4 Rd8 43. Raa7 Nd3 44. Rag7+ Kf5 45. Rf7+ Kxe5 46. Rd7 Rxd7 47. Rxd7 Nf4 48. h6 Ng6 49. h7 Kf6 50. Kd4 Nh8 51. Ke4 Ng6 52. Ra7 Nh8 53. Kd4 Ng6 54. Kc5 Nh8 55. Kd6 Ng6 56. Rd7 Nh8 57. Re7 Kg6 58. Kxe6 Kh6 59. Kf6 Ng6 60. Rg7 Nh8 61. Rc7 Ng6 62. Rb7 Nh8 63. Rg7 Kh5 64. Rg8 Kh6 65. Rxh8 Kh5 66. Rg8 1-0


[Site "https://www.chess.com"]

[Event "Titled Tuesday Blitz May 24 Late 2022"]
[White "Krallis, Christos"]
[Black "Levine, David"]
[WhiteFideId "4298896"]
[BlackFideId "2011611"]
[WhiteElo "2234"]
[BlackElo "2126"]
[Result "1-0"]
[Round "06"]
[TimeControl "180+1"]
[Date "2022.05.25"]
[WhiteClock "0:00:16"]
[BlackClock "0:00:29"]

1. d4 Nf6 2. c4 g6 3. Nc3 Bg7 4. e4 d6 5. Be2 O-O 6. Be3 e5 7. d5 Na6 8. g4 Nc5 9. Bf3 a5 10. h4 Nfd7 11. Nge2 f5 12. gxf5 gxf5 13. exf5 e4 14. Nxe4 Nxe4 15. Bxe4 Qe7 16. Qc2 Nf6 17. Bd3 Ng4 18. Bg5 Qe5 19. f6 Nxf6 20. O-O-O Kh8 21. Nf4 Ng4 22. Rhe1 Qd4 23. Bxh7 Qxf2 24. Ng6+ Kxh7 25. Nxf8+ Kg8 26. Qh7+ Kf7 27. Qg6+ Kxf8 28. Re8# 1-0


[Site "https://www.chess.com"]